 Dungeon Crawl Stone Soup version 0.32-a0-120-gfac0567ad4 (webtiles) character file.

Game seed: 13637050579621693359

1044 jasper the Skirmisher (level 8, -5/54 HPs)
             Began as a Barachi Hexslinger on Feb 6, 2024.
             Was an Initiate of Okawaru.
             Slain by a troll (7 damage)
             ... on level 6 of the Dungeon.
             The game lasted 00:12:01 (5112 turns).

jasper the Skirmisher (Barachi Hexslinger)          Turns: 5112, Time: 00:12:01

Health: -5/54      AC: 11    Str:  9    XL:     8   Next: 25%
Magic:  9/9        EV: 10    Int: 14    God:    Okawaru [......]
Gold:   300        SH:  5    Dex: 17    Spells: 6/9 levels left

rFire   . . .        a - +1 sling
rCold   . . .        (no shield)
rNeg    . . .        m - +1 ring mail
rPois   .            (no helmet)
rElec   .            r - +0 cloak
rCorr   .            (no gloves)
SInv    .            (no boots)
Will    .....        k - amulet of reflection
Stlth   +            s - +4 ring of protection
HPRegen 0.29/turn    (no ring)
MPRegen 0.11/turn

%: reflection
@: brilliant, unable to hop, hasted, very quick
A: amphibious, slowness 1, strong legs 1, +LOS
a: Hop, Renounce Religion


You were on level 6 of the Dungeon.
You worshipped Okawaru.
Okawaru was noncommittal.
You visited 2 branches of the dungeon, and saw 7 of its levels.
You also visited: Ossuary.

You collected 410 gold pieces.
You spent 110 gold pieces at shops.

Inventory:

Hand Weapons
 a - a +1 sling (weapon)
Missiles
 o - 10 poisoned darts
Armour
 c - a +0 robe
 m - a +1 ring mail (worn)
 r - a +0 cloak (worn)
 t - a +3 scale mail
Jewellery
 k - an amulet of reflection (around neck)
 s - a +4 ring of protection (left hand)
Wands
 q - a wand of digging (1)
Scrolls
 h - a scroll of vulnerability
 l - 2 scrolls of enchant armour
Potions
 b - a potion of mutation
 d - 3 potions of might
 e - 2 potions of degeneration
 f - a potion of cancellation
 g - a potion of lignification {unknown}
 i - a potion of brilliance
 j - 2 potions of invisibility {unknown}
 n - 3 potions of haste
 v - a potion of enlightenment {unknown}


   Skills:
 - Level 1.2 Fighting
 + Level 9.6 Ranged Weapons
 - Level 2.1 Dodging
 - Level 1.1 Spellcasting
 - Level 3.2 Hexes
 - Level 1.1 Fire Magic


You had 6 spell levels left.
You knew the following spells:

 Your Spells              Type           Power      Damage    Failure   Level
a - Inner Flame           Hex/Fire       10%        N/A       65%         3

Your spell library contained the following spells:

 Spells                   Type           Power      Damage    Failure   Level
 Jinxbite                 Hex            28%        N/A       28%         2
 Confusing Touch          Hex            14%        N/A       50%         3
 Sigil of Binding         Hex            14%        N/A       50%         3
 Kiss of Death            Conj/Necr      4%         2d5       58%         1
 Static Discharge         Conj/Air       2%         3-4/arc   73%         2
 Cause Fear               Hex            7%         N/A       88%         4
 Dimensional Bullseye     Hex/Tloc       4%         N/A       98%         4
 Airstrike                Air            0%         2d(1-17)  100%        4
 Dispel Undead            Necr           1%         3d6       100%        4
 Summon Lightning Spire   Summ/Air       Unusable   N/A       N/A         4

Dungeon Overview and Level Annotations

Branches:
Dungeon (6/15)             Temple (1/1) D:6         Ossuary (visited)

Altars:
Ashenzari
Dithmenos
Elyvilon
Fedhas
Gozag
Kikubaaqudgha
Makhleb
Nemelex Xobeh
Okawaru
Qazlal
Ru
Sif Muna
Uskayaw
Vehumet
Wu Jian
Xom
Yredelemnul
Zin

Shops:
D:2 [   D:4 [!

Annotations:
D:3 3 runed translucent doors, Ceno's ghost, amateur VSEE; Sigmund
D:4 3 runed translucent doors, Juni's ghost, amateur DrCj


Innate Abilities, Weirdness & Mutations

You are amphibious.
You cover ground slowly.
You can hop short distances.
You have an extended range of vision and can be seen from far away.


Message History

The black bear barely misses you. The black bear claws you.
The troll bites you but does no damage. The troll claws you. x2
You take 1 damage, and have 20/54 hp.
You feel better.
The black bear bites you but does no damage.
The black bear closely misses you. The black bear completely misses you.
The troll bites you! The troll claws you.
The troll claws you but does no damage.
You take 1 damage, and have 19/54 hp.
You feel better. You block the black bear's attack.
The black bear claws you. x2
The troll bites you! The troll claws you!
* * * LOW HITPOINT WARNING * * *
The troll claws you.
* * * LOW HITPOINT WARNING * * *
You take 10 damage, and have 9/54 hp.
You feel better. The black bear barely misses you.
The black bear claws you but does no damage. x2
The troll closely misses you. The troll claws you but does no damage.
The troll misses you.
You regained 11 hp, and now have 20/54 hp.
The black bear attacks as it pursues you!
The black bear bites you.
The black bear claws you but does no damage. x2
The troll barely misses you. You block the troll's attack. The troll claws you!
* * * LOW HITPOINT WARNING * * *
The black bear bites you but does no damage.
The black bear claws you but does no damage. x2
You take 11 damage, and have 9/54 hp.
MASSIVE DAMAGE!!
Okay, then.
It was a potion of brilliance.
You feel clever all of a sudden.
The troll barely misses you. x2; You block the troll's attack.
It was a potion of haste.
You feel yourself speed up. The troll bites you!
* * * LOW HITPOINT WARNING * * *
You block the troll's attack. The troll closely misses you.
You take 9 damage, and have 1/54 hp.
You enter the shallow water.
The troll attacks as it pursues you! You block the troll's attack.
The troll claws you but does no damage. The troll claws you!
You die...

#........#............#
+........#............#
.......................#...
....###.....###..........#...
... #~~~~~~~~~#.#.###...<#...
....#~#.....#~#h#####....#...
.....~.......~.....#.....#...
.....~.......T.....+.....#...
.....~...>..@~.....##....#...
.....~.......~..#.)##..).#...
###..~.......~..##)......#...
....#~#..?..#~#)(........#...
... #~~~~~~~~~#..(.).[...#...
.. ###.....###.##.....+##...
...........##......#....
....#........+......+....
.....#........#..+...#...<


You could see a troll and a black bear.

Vanquished Creatures
  Eustachio (D:6)
  2 phantoms
  2 scorpions
  3 jellies
  4 hounds
  An iguana (D:5)
  2 orc wizards (D:5)
  8 mummies (Ossuary)
  8 adders
  A shadow imp (D:5)
  An ufetubus (D:5)
  2 dart slugs
  A ribbon worm (D:2)
  12 orcs
  7 bats
  6 endoplasms
  5 giant cockroaches
  4 hobgoblins
  4 quokkas
  8 ball pythons
  3 frilled lizards
  9 goblins
  4 hobgoblin zombies (Ossuary)
  6 kobolds
  4 kobold zombies (Ossuary)
  6 rats
114 creatures vanquished.

Vanquished Creatures (collateral kills)
  A kobold brigand (D:6)
  5 kobolds (D:6)
6 creatures vanquished.

Grand Total: 120 creatures vanquished

Notes
Turn   | Place    | Note
-------+----------+-------------------------------------------
     0 | D:1      | jasper the Barachi Hexslinger began the quest for the Orb.
     0 | D:1      | Reached XP level 1. HP: 15/15 MP: 2/2
   166 | D:1      | Reached XP level 2. HP: 21/21 MP: 3/3
   311 | D:1      | Reached skill level 3 in Ranged Weapons
   588 | D:1      | Reached XP level 3. HP: 26/26 MP: 4/4
  1123 | D:2      | Found Huoghim's Armour Boutique.
  1157 | D:2      | Reached skill level 4 in Ranged Weapons
  1257 | D:2      | Reached XP level 4. HP: 27/32 MP: 5/5
  1386 | D:2      | HP: 1/32 [adder (1)]
  1698 | D:2      | Learned a level 3 spell: Inner Flame
  2100 | D:3      | Noticed a scorpion
  2118 | D:3      | Killed a scorpion
  2119 | D:3      | Reached skill level 5 in Ranged Weapons
  2119 | D:3      | Reached XP level 5. HP: 37/37 MP: 6/6
  2368 | D:3      | Found a runed translucent gate.
  2369 | D:3      | Found a runed translucent gate.
  2369 | D:3      | Noticed Ceno's ghost (amateur VSEE)
  2370 | D:3      | Found a runed translucent gate.
  2547 | D:3      | Noticed Sigmund
  2645 | D:4      | Noticed a phantom
  2659 | D:4      | Killed a phantom
  2660 | D:4      | Reached skill level 6 in Ranged Weapons
  2660 | D:4      | Reached XP level 6. HP: 30/43 MP: 7/7
  2946 | D:4      | Noticed Juni's ghost (amateur DrCj)
  2984 | D:4      | Found Raopel's Distillery.
  2994 | D:4      | Bought 2 potions of curing for 60 gold pieces
  2994 | D:4      | Bought a potion of heal wounds for 50 gold pieces
  3049 | D:4      | Found a runed translucent gate.
  3049 | D:4      | Found a runed translucent gate.
  3050 | D:4      | Found a runed translucent gate.
  3145 | D:4      | Found Goyraywk's Antique Armour Shop.
  3208 | D:4      | Found a glowing silver altar of Zin.
  3497 | D:4      | Found an opulent altar of Gozag.
  3556 | D:5      | Entered Level 5 of the Dungeon
  3659 | D:5      | Reached skill level 7 in Ranged Weapons
  3804 | D:5      | Reached XP level 7. HP: 46/48 MP: 8/8
  3878 | D:5      | Reached skill level 8 in Ranged Weapons
  4134 | D:6      | Noticed Eustachio
  4134 | D:6      | Found a sand-covered staircase.
  4164 | Ossuary  | Entered an ossuary
  4798 | Ossuary  | Reached skill level 9 in Ranged Weapons
  4798 | Ossuary  | Reached XP level 8. HP: 48/54 MP: 9/9
  4900 | D:6      | Killed Eustachio
  5021 | D:6      | Found a staircase to the Ecumenical Temple.
  5031 | Temple   | Entered the Ecumenical Temple
  5049 | Temple   | Became a worshipper of Warmaster Okawaru
  5087 | D:6      | Noticed a troll
  5109 | D:6      | HP: 1/54 [troll (9)]
  5112 | D:6      | Slain by a troll

Illustrated notes

Levels and vault maps discovered:
D:1:      dpeg_arrival_rhombi, layout_basic
D:2:      layout_loops_corners, serial_shops, shop, st_stairs_7
D:3:      layout_loops_cross, trog_butcher_becter, biasface_ghost_orc_armoury,
          uniq_sigmund
D:4:      layout_loops_corners, pdpol_temple_overflow_zin_treasury_gozag_greed,
          gammafunk_ghost_split, serial_shops, shop, shop,
          minmay_misc_feat_alley, solitary_fountain
D:5:      layout_layer_cave, portal_sewer_entry_a, gammafunk_ghost_cemetery,
          minmay_fractal_squares_5
D:6:      layout_gridville, minmay_temple_entry_water_ring, enter_ossuary_1,
          uniq_eustachio, uniq_grinder
Temple:   compressed_dpeg_triangle_lava_temple

Skill      XL: |  1  2  3  4  5  6  7 |
---------------+----------------------+-----
Ranged Weapons | 3 4 5 6 7 9 |  9.6
Fighting       | |  1.2
Dodging        | |  2.1
Spellcasting   | |  1.1
Hexes          | |  3.2
Fire Magic     | |  1.1

Action                     |  1- 3 |  4- 6 |  7- 9 || total
---------------------------+-------+-------+-------++-------
   Fire: Sling             |   126 |   220 |   225 ||   571
Ability: Hop               |     2 |     3 |     5 ||    10
    Use: Scroll            |     3 |     7 |     6 ||    16
         Potion            |       |       |     9 ||     9
 Armour: Robe              |    33 |    14 |       ||    47
         Ring mail         |       |    81 |   145 ||   226
  Dodge: Dodged            |    51 |    66 |    93 ||   210
  Block: Other             |       |    21 |    40 ||    61

Table legend: (Time is in decaauts)
 A = Elapsed time spent in this place.
 B = Non-inter-level travel time spent in this place.
 C = Inter-level travel time spent in this place.
 D = Time resting spent in this place.
 E = Time spent auto-exploring this place.
 F = Levels seen in this place.
 G = Mean time per level.
                   A        B        C        D        E       F      G
               +--------+--------+--------+--------+--------+-----+--------+
         Total |   5840 |   5624 |    216 |    627 |   3828 |   8 |  730.0 |
       Dungeon |   5034 |   4858 |    176 |    261 |   3582 |   6 |  839.0 |
        Temple |     43 |      3 |     40 |      0 |      0 |   1 |   43.0 |
       Ossuary |    762 |    762 |      0 |    366 |    246 |   1 |  762.0 |
               +--------+--------+--------+--------+--------+-----+--------+

Top non-repeatable levels by time:
     D:2: 1368 daAuts
     D:4: 1244 daAuts
     D:1: 1045 daAuts
 Ossuary: 762 daAuts
     D:3: 573 daAuts
     D:5: 538 daAuts
     D:6: 264 daAuts
  Temple: 43 daAuts
